 Dungeon Crawl Stone Soup version 0.20-a0-947-g2784f4f (webtiles) character file.

194 KristoblXynda the Chucker (level 5, 0/50 HPs)
             Began as an Ogre Hunter on Apr 2, 2017.
             Was a Follower of Vehumet.
             Slain by a goblin (1 damage)
             ... on level 3 of the Dungeon.
             The game lasted 00:08:18 (4553 turns).

KristoblXynda the Chucker (Ogre Hunter)             Turns: 4553, Time: 00:08:19

Health: 0/50       AC:  3    Str: 21    XL:     5   Next: 73%
Magic:  5/5        EV: 16    Int: 13    God:    Vehumet [*.....]
Gold:   122        SH:  0    Dex: 14    Spells: 3/4 levels left

rFire    + + .     SeeInvis +   s - -2 flail (curse)
rCold    + . .     Gourm    .   (no shield)
rNeg     . . .     Faith    .   b - +0 robe
rPois    +         Spirit   .   (helmet restricted)
rElec    +         Reflect  .   (no cloak)
rCorr    +         Harm     .   (gloves unavailable)
MR       .....     Rnd*Tele +   (boots unavailable)
Stlth    +++.......             (no amulet)
Regen    0.2/turn               h - ring of protection from fire
MPRegen  0.1/turn               a - ring of wizardry

@: mighty, agile, resistant, flying
A: unfitting armour, horns 1, see invisible, teleportitis 1, tough skin 1
a: Renounce Religion


You were on level 3 of the Dungeon.
You worshipped Vehumet.
Vehumet was aware of your devotion.
You were not hungry.

You visited 1 branch of the dungeon, and saw 3 of its levels.

You collected 122 gold pieces.

Inventory:

Hand Weapons
 s - a cursed -2 flail (weapon)
Missiles
 c - 4 large rocks (quivered)
 d - 2 throwing nets
Armour
 b - a +0 robe (worn)
Jewellery
 a - a ring of wizardry (right hand)
 h - a ring of protection from fire (left hand)
Potions
 l - a potion of lignification {unknown}
Comestibles
 f - a fruit
 m - 2 royal jellies
 q - 6 chunks of flesh


   Skills:
 - Level 2.6 Fighting
 * Level 2.5 Maces & Flails
 + Level 5.2 Throwing
 - Level 3.1 Dodging
 - Level 0.6 Stealth


You had 3 spell levels left.
You knew the following spells:

 Your Spells              Type           Power        Failure   Level  Hunger
a - Sting                 Conj/Pois      #...         12%         1    ##.....


Dungeon Overview and Level Annotations

Branches:
Dungeon (3/15)

Altars:
Hepliaklqana
Vehumet

Annotations:
D:3 Robin


Innate Abilities, Weirdness & Mutations

You are too large for most types of armour.
You have tough skin. (AC +1)
You have a pair of small horns on your head.
You have supernaturally acute eyesight. (SInv)
You are occasionally teleported next to monsters.


Message History

The goblin no longer looks unusually strong.
The goblin hits you with a club.
* * * LOW HITPOINT WARNING * * *
The goblin hits you but does no damage. The goblin closely misses you.
The goblin barely misses you. x3
You sock the goblin!
You kill the goblin!
Vehumet accepts your kill.
The goblin no longer looks unusually strong.
The goblin hits you.
* * * LOW HITPOINT WARNING * * *
The goblin barely misses you. Robin throws the goblin at you!
The goblin hits you with a club.
* * * LOW HITPOINT WARNING * * *
The goblin closely misses you.
Okay, then.
It was a potion of agility.
You feel agile all of a sudden. The goblin hits you.
You die...

#....... #####.# ..##
##.##... ##.....##
... # #...
##.......##.. . #...
#........... ..
#......
#...........######...
###.... #.........#
........# ......
#......$..###gg......
######.
#ยง.......gggg@g# ##
#........g###### #
#.......g.#
#.........#
.)........#
..........#
.........##
....$....##


You could see Robin, a hobgoblin and 6 goblins.

Vanquished Creatures
  An orc priest (D:3)
  A gnoll (D:1)
  4 adders
  An ooze (D:1)
  An adder zombie (D:3)
  4 worms (D:2)
  2 dart slugs
  6 leopard geckos
  7 orcs
  5 bats
  5 giant cockroaches
  21 goblins
  7 hobgoblins
  2 jackals (D:3)
  A quokka (D:2)
  2 frilled lizards (D:1)
  4 kobolds
  8 rats
82 creatures vanquished.

Notes
Turn   | Place    | Note
-------+----------+-------------------------------------------
     0 | D:1      | KristoblXynda the Ogre Hunter began the quest for the Orb.
     0 | D:1      | Reached XP level 1. HP: 22/22 MP: 1/1
   208 | D:1      | Reached XP level 2. HP: 10/29 MP: 2/2
   918 | D:1      | Reached XP level 3. HP: 13/36 MP: 3/3
  1918 | D:2      | Reached XP level 4. HP: 24/44 MP: 4/4
  2267 | D:2      | Reached skill level 1 in Maces & Flails
  2664 | D:2      | Found a radiant altar of Vehumet.
  2736 | D:2      | Became a worshipper of Vehumet
  2912 | D:2      | HP: 2/44 [worm (9)]
  3603 | D:2      | Found a hazy altar of Hepliaklqana.
  3614 | D:2      | Reached skill level 5 in Throwing
  3707 | D:2      | Reached XP level 5. HP: 48/50 MP: 5/5
  4101 | D:3      | Reached * piety under Vehumet
  4101 | D:3      | Offered knowledge of Sting by Vehumet.
  4116 | D:3      | Learned a level 1 spell: Sting
  4513 | D:3      | Noticed Robin
  4536 | D:3      | Gained mutation: You have supernaturally acute eyesight. (SInv) [potion of mutation]
  4536 | D:3      | Gained mutation: You are occasionally teleported next to monsters. [potion of mutation]
  4536 | D:3      | Gained mutation: You have a pair of small horns on your head. [potion of mutation]
  4552 | D:3      | HP: 1/50 [goblin/club[Robin] (4)]
  4553 | D:3      | Slain by a goblin

Vault maps used:
D:1:      lemuel_arrival_muddy
D:2:      nicolae_overflow_crystal_walls, fiery_altar_vehumet,
          guppyfry_early_orc_mine
D:3:      marbit_many_paths, first_bread, chequers_ecumenical_altar_simple,
          minmay_cupped, uniq_robin

Skill      XL: |  1  2  3  4  5 |
---------------+----------------+-----
Dodging        | 2 3 |  3.1
Maces & Flails | 1 2 |  2.5
Throwing       | 5 |  5.2
Fighting       | |  2.6
Stealth        | |  0.6

Action                   |  1- 3 |  4- 6 || total
-------------------------+-------+-------++-------
Melee: Short sword       |    44 |       ||    44
       Club              |    85 |   253 ||   338
       Flail             |       |    21 ||    21
Throw: Large rock        |     5 |     5 ||    10
  Use: Scroll            |       |     4 ||     4
       Potion            |       |     8 ||     8
  Eat: Chunk             |     1 |     6 ||     7
       Bread ration      |     1 |       ||     1
       Fruit             |       |     1 ||     1
Armor: Robe              |    54 |    87 ||   141
Dodge: Dodged            |    87 |   200 ||   287
